 Dungeon Crawl Stone Soup version 0.30.1-11-g7821555f0a (webtiles) character file.

Game seed: 14353686426551979123

18196 GimliDwarf the Thaumaturge (level 12, 0/95 HPs)
             Began as a Gnoll Warper on Jan 5, 2024.
             Was a Priest of Qazlal.
             Succumbed to a black mamba's poison
             ... on level 2 of the Lair of Beasts.
             The game lasted 00:43:06 (16714 turns).

GimliDwarf the Thaumaturge (Gnoll Warper)          Turns: 16714, Time: 00:43:07

Health: 0/95       AC: 25    Str: 11    XL:     12   Next: 56%
Magic:  25/25      EV:  9    Int: 14    God:    Qazlal [***...]
Gold:   580        SH:  3    Dex: 15    Spells: 14/29 levels left

rFire   . . .        e - +5 whip (freeze)
rCold   + + .        (no shield)
rNeg    . . .        l - +11 chain mail of the Moon {rC+}
rPois   .            k - +1 hat
rElec   .            (no cloak)
rCorr   .            x - +0 pair of gloves
SInv    .            L - +0 pair of boots {Fly}
Will    .....        (no amulet)
Stlth   +            j - ring of protection from cold
HPRegen 0.35/turn    (no ring)
MPRegen 0.19/turn

%: no passive effects
@: lethally poisoned (0 -> -8), flying
A: fangs 1, strong nose, distributed training
a: Renounce Religion, Upheaval, Elemental Force


You were on level 2 of the Lair of Beasts.
You worshipped Qazlal.
Qazlal was most pleased with you.
You visited 3 branches of the dungeon, and saw 14 of its levels.
You also visited: Sewer.

You collected 778 gold pieces.
You spent 198 gold pieces at shops.

Inventory:

Hand Weapons
 a - a +1 spectral falchion
 e - a +5 whip of freezing (weapon)
Missiles
 d - 5 boomerangs of dispersal
 o - 14 boomerangs
 q - 23 poisoned darts (quivered)
 s - 2 throwing nets
 z - 3 atropa-tipped darts
Armour
 b - a +0 troll leather armour
 k - a +1 hat (worn)
 l - the +11 chain mail of the Moon (worn) {rC+}
   (You took it off a goblin on level 2 of the Dungeon)

   rC:        It protects you from cold.
 m - a +2 robe of positive energy
 x - a +0 pair of gloves (worn)
 L - a +0 pair of boots of flying (worn)
Magical Staves
 E - a staff of conjuration
Jewellery
 j - a ring of protection from cold (left hand)
 G - a ring of ice
Wands
 n - a wand of polymorph (16)
 p - a wand of mindburst (2)
 C - a wand of flame (15)
 K - a wand of roots (3)
Scrolls
 c - 5 scrolls of blinking
 f - 5 scrolls of teleportation
 t - 2 scrolls of fog
 y - a scroll of fear
 A - 3 scrolls of amnesia
 B - 3 scrolls of poison
 F - 3 scrolls of magic mapping
 I - 2 scrolls of silence
 J - a scroll of enchant weapon
 O - a scroll of brand weapon
 Q - a scroll of identify
Potions
 g - a potion of berserk rage
 h - 2 potions of flight
 i - a potion of magic
 r - 3 potions of ambrosia
 u - 4 potions of heal wounds
 v - 3 potions of invisibility
 w - 2 potions of haste
 D - 3 potions of lignification
 H - 3 potions of curing
 N - a potion of mutation
 P - a potion of degeneration {unknown}


   Skills:
 + Level 9.0 Fighting
 + Level 7.7 Short Blades
 + Level 9.0 Long Blades
 + Level 7.7 Axes
 + Level 7.7 Maces & Flails
 + Level 7.7 Polearms
 + Level 7.7 Staves
 + Level 7.7 Ranged Weapons
 + Level 8.1 Throwing
 + Level 8.1 Armour
 + Level 9.0 Dodging
 + Level 7.7 Stealth
 + Level 7.7 Shields
 + Level 7.7 Unarmed Combat
 + Level 9.2 Spellcasting
 + Level 6.3 Conjurations
 + Level 6.3 Hexes
 + Level 6.3 Summonings
 + Level 6.3 Necromancy
 + Level 8.5 Translocations
 + Level 6.3 Transmutations
 + Level 6.3 Fire Magic
 + Level 6.3 Ice Magic
 + Level 6.3 Air Magic
 + Level 6.3 Earth Magic
 + Level 6.3 Poison Magic
 + Level 8.4 Invocations
 + Level 7.7 Evocations


You had 14 spell levels left.
You knew the following spells:

 Your Spells              Type           Power      Damage    Failure   Level
a - Blink                 Tloc           60%        N/A       10%         2
b - Vhi's Electric Charg  Tloc/Air       54%        N/A       30%         3
c - Manifold Assault      Tloc           30%        N/A       54%         4
d - Dispel Undead         Necr           24%        3d12      85%         4
e - Momentum Strike       Conj/Tloc      54%        3d9       16%         2

Your spell library contained the following spells:

 Spells                   Type           Power      Damage    Failure   Level
 Apportation              Tloc           60%        N/A       7%          1
 Lesser Beckoning         Tloc           60%        N/A       10%         2
 Kiss of Death            Conj/Necr      96%        2d12      16%         1
 Teleport Other           Tloc           30%        N/A       21%         3
 Confusing Touch          Hex            24%        N/A       43%         3
 Frozen Ramparts          Ice            48%        1d8       43%         3
 Ozocubu's Armour         Ice            24%        N/A       43%         3
 Ice Form                 Ice/Tmut       24%        N/A       85%         4
 Summon Ice Beast         Ice/Summ       24%        N/A       85%         4
 Summon Forest            Summ/Tloc      13%        N/A       96%         5
 Alistair's Intoxication  Tmut/Pois      16%        N/A       99%         5
 Metabolic Englaciation   Hex/Ice        12%        N/A       99%         5
 Summon Mana Viper        Hex/Summ       24%        N/A       99%         5
 Eringya's Noxious Bog    Tmut/Pois      12%        N/A       100%        6
 Simulacrum               Ice/Necr       12%        N/A       100%        6
 Summon Cactus Giant      Summ           12%        N/A       100%        6
 Ozocubu's Refrigeration  Ice            12%        4d10      100%        7
 Summon Hydra             Summ           12%        N/A       100%        7


Dungeon Overview and Level Annotations

Branches:
Dungeon (11/15)            Temple (1/1) D:7            Lair (2/5) D:10
    Orc (0/2) D:9           Sewer (visited)
  Swamp: Lair:2-3    Shoals: Lair:2-3     Snake: Lair:2-3    Spider: Lair:2-3

Altars:
Ashenzari
Cheibriados
Dithmenos
Elyvilon
Fedhas
Gozag
Hepliaklqana
Kikubaaqudgha
Makhleb
Nemelex Xobeh
Okawaru
Qazlal
Ru
Sif Muna
Trog
Uskayaw
Vehumet
Wu Jian
Xom
Yredelemnul
Zin
The Shining One

Shops:
D:1 ?   D:5 *   D:9 [*


Innate Abilities, Weirdness & Mutations

You have very sharp teeth.
Your uncanny sense of smell can sniff out nearby items.
Your experience applies equally to all skills.


Message History

You freeze the black mamba. Your punch misses the black mamba.
The black mamba is moderately wounded.
You feel sick. The black mamba bites you!
You are more poisoned.
The black mamba poisons you!
You hit the black mamba.
The black mamba seems to slow down.
You freeze the black mamba.
The black mamba is moderately wounded.
You feel very sick. The black mamba bites you!
You miss the black mamba.
You bite the black mamba, but do no damage.
The black mamba is moderately wounded.
You feel very sick.
The black mamba bites you but does no damage.
You hit the black mamba.
The black mamba seems to slow down.
You freeze the black mamba. Your bite misses the black mamba.
The black mamba is heavily wounded.
You feel very sick. The black mamba misses you.
The black mamba attacks as you move away!
The black mamba bites you!
* * * LOW HITPOINT WARNING * * *
x2 You feel very sick.
The black mamba attacks as you move away!
The black mamba bites you but does no damage.
* * * LOW HITPOINT WARNING * * *
You feel very sick.
You completely miss the black mamba.
The black mamba is heavily wounded.
* * * LOW HITPOINT WARNING * * *
You feel sick. The black mamba closely misses you.
You closely miss the black mamba.
The black mamba is heavily wounded.
* * * LOW HITPOINT WARNING * * *
You feel sick. The black mamba bites you.
* * * LOW HITPOINT WARNING * * *
You closely miss the black mamba.
The black mamba is heavily wounded.
You die...

.## ##...............# ..#
#P...............# .P#
##...............# .##
###.####........# .####
#######.......#
.#..#######.#........####
........(.............#P###
........(.................#
P...........(..S@.........##
.................#.#.......#
.#..P#...........###P.....##
######...(.......# ###..###
#...........# ####
#.....###...##### ## #.....#
#....P..# .# #.....#
#..........
.#####.....###..........


You could see a black mamba (poisoned, slow).

Vanquished Creatures
  3 hydras
  3 two-headed ogres
  Maggie (D:7)
  4 torpor snails (Lair:1)
  A kobold demonologist (D:9)
  A polar bear (Lair:2)
  6 trolls
  5 blink frogs (Lair:1)
  3 slime creatures (D:10)
  2 wyverns
  A vampire (D:7)
  20 yaks
  A golden eye (shapeshifter) (D:9)
  5 steam dragons
  Menkaure (D:7)
  11 water moccasins
  6 black bears
  An orc warrior (D:8)
  4 ogres
  3 centaurs (D:9)
  2 phantoms
  7 kobold brigands
  11 bullfrogs
  A gnoll sergeant (D:7)
  8 scorpions
  13 killer bees
  2 howler monkeys
  An electric eel (Lair:1)
  3 hounds
  A gnoll bouda (D:5)
  4 orc priests
  Jessica (D:2)
  Terence (D:2)
  5 iguanas
  7 orc wizards
  12 gnolls
  9 adders
  A river rat (D:3)
  2 shadow imps
  An ufetubus (D:5)
  5 dart slugs
  31 orcs
  10 bats
  10 endoplasms
  4 giant cockroaches
  14 goblins
  6 hobgoblins
  3 jackals
  34 kobolds
  2 quokkas
  10 ball pythons
  5 frilled lizards
  11 rats
319 creatures vanquished.

Notes
Turn   | Place    | Note
-------+----------+-------------------------------------------
     0 | D:1      | GimliDwarf the Gnoll Warper began the quest for the Orb.
     0 | D:1      | Reached XP level 1. HP: 20/20 MP: 6/6
    72 | D:1      | Reached XP level 2. HP: 25/26 MP: 7/7
    92 | D:1      | Learned a level 2 spell: Blink
   315 | D:1      | Reached skill level 5 in Spellcasting
   315 | D:1      | Reached XP level 3. HP: 29/31 MP: 7/9
   361 | D:1      | Found a faded altar of an unknown god.
   503 | D:1      | Found Huhemuf's Magic Scroll Shop.
   507 | D:1      | Bought a scroll of identify for 26 gold pieces
   516 | D:1      | Reached skill level 1 in Invocations
   738 | D:2      | Reached skill level 1 in Short Blades
   738 | D:2      | Reached skill level 1 in Axes
   738 | D:2      | Reached skill level 1 in Maces & Flails
   738 | D:2      | Reached skill level 1 in Polearms
   738 | D:2      | Reached skill level 1 in Staves
   738 | D:2      | Reached skill level 1 in Ranged Weapons
   738 | D:2      | Reached skill level 1 in Stealth
   738 | D:2      | Reached skill level 1 in Shields
   738 | D:2      | Reached skill level 1 in Unarmed Combat
   738 | D:2      | Reached skill level 1 in Evocations
   828 | D:2      | Identified the +11 chain mail of the Moon {rC+}
   867 | D:2      | Noticed Terence
   880 | D:2      | Killed Terence
   881 | D:2      | Reached XP level 4. HP: 33/38 MP: 11/11
   906 | D:2      | Noticed Jessica
   907 | D:2      | Killed Jessica
   908 | D:2      | Reached skill level 1 in Conjurations
   908 | D:2      | Reached skill level 1 in Hexes
   908 | D:2      | Reached skill level 1 in Summonings
   908 | D:2      | Reached skill level 1 in Necromancy
   908 | D:2      | Reached skill level 1 in Transmutations
   908 | D:2      | Reached skill level 1 in Fire Magic
   908 | D:2      | Reached skill level 1 in Ice Magic
   908 | D:2      | Reached skill level 1 in Air Magic
   908 | D:2      | Reached skill level 1 in Earth Magic
   908 | D:2      | Reached skill level 1 in Poison Magic
  1304 | D:2      | Reached XP level 5. HP: 40/43 MP: 12/12
  1914 | D:3      | Found a glowing drain.
  1924 | Sewer    | Entered a sewer
  2000 | Sewer    | Noticed a kobold brigand
  2007 | Sewer    | Killed a kobold brigand
  2008 | Sewer    | Reached XP level 6. HP: 26/50 MP: 14/14
  2156 | Sewer    | Reached skill level 5 in Fighting
  2156 | Sewer    | Reached skill level 5 in Long Blades
  2156 | Sewer    | Reached skill level 5 in Dodging
  3009 | D:4      | Found a glowing silver altar of Zin.
  3048 | D:4      | Reached XP level 7. HP: 52/56 MP: 15/15
  3718 | D:4      | Found a sacrificial altar of Ru.
  4188 | D:5      | Entered Level 5 of the Dungeon
  4447 | D:5      | Reached XP level 8. HP: 63/63 MP: 16/16
  4757 | D:5      | Found Qywigh's Assorted Antiques.
  5281 | D:5      | Reached XP level 9. HP: 69/69 MP: 18/18
  6108 | D:5      | Reached skill level 5 in Throwing
  6108 | D:5      | Reached skill level 5 in Armour
  6386 | D:6      | Found a glowing golden altar of the Shining One.
  6730 | D:7      | Learned a level 3 spell: Vhi's Electric Charge
  6735 | D:7      | Learned a level 4 spell: Manifold Assault
  6740 | D:7      | Learned a level 4 spell: Dispel Undead
  6745 | D:7      | Found a staircase to the Ecumenical Temple.
  6746 | D:7      | Found a white marble altar of Elyvilon.
  6759 | Temple   | Entered the Ecumenical Temple
  6900 | Temple   | Became a worshipper of Qazlal Stormbringer
  7125 | D:7      | Noticed Maggie
  7142 | D:7      | Killed Maggie
  7143 | D:7      | Reached skill level 5 in Invocations
  7466 | D:7      | Found a bloodstained altar of Trog.
  7467 | D:7      | Found a snail-covered altar of Cheibriados.
  7468 | D:7      | Found a radiant altar of Vehumet.
  7846 | D:7      | Noticed Menkaure
  7855 | D:7      | Killed Menkaure
  7856 | D:7      | Reached skill level 5 in Short Blades
  7856 | D:7      | Reached skill level 5 in Axes
  7856 | D:7      | Reached skill level 5 in Maces & Flails
  7856 | D:7      | Reached skill level 5 in Polearms
  7856 | D:7      | Reached skill level 5 in Staves
  7856 | D:7      | Reached skill level 5 in Ranged Weapons
  7856 | D:7      | Reached skill level 5 in Stealth
  7856 | D:7      | Reached skill level 5 in Shields
  7856 | D:7      | Reached skill level 5 in Unarmed Combat
  7856 | D:7      | Reached skill level 5 in Evocations
  7856 | D:7      | Reached XP level 10. HP: 39/77 MP: 20/20
  8241 | D:7      | Found a burning altar of Makhleb.
  8527 | D:7      | Reached * piety under Qazlal
  8853 | D:8      | Noticed a two-headed ogre
  9917 | D:9      | Noticed a kobold demonologist
 10184 | D:9      | Noticed a two-headed ogre
 10203 | D:9      | Killed a two-headed ogre
 10448 | D:9      | Reached skill level 5 in Conjurations
 10448 | D:9      | Reached skill level 5 in Hexes
 10448 | D:9      | Reached skill level 5 in Summonings
 10448 | D:9      | Reached skill level 5 in Necromancy
 10448 | D:9      | Reached skill level 5 in Transmutations
 10448 | D:9      | Reached skill level 5 in Fire Magic
 10448 | D:9      | Reached skill level 5 in Ice Magic
 10448 | D:9      | Reached skill level 5 in Air Magic
 10448 | D:9      | Reached skill level 5 in Earth Magic
 10448 | D:9      | Reached skill level 5 in Poison Magic
 10518 | D:9      | Killed a kobold demonologist
 10519 | D:9      | Reached XP level 11. HP: 85/85 MP: 21/23
 10674 | D:9      | Found a staircase to the Orcish Mines.
 10791 | D:9      | Reached ** piety under Qazlal
 10964 | D:9      | Found Zomu's Hallowed Reliquary.
 10966 | D:9      | Noticed an angel
 10988 | D:9      | Noticed a four-headed hydra
 11016 | D:9      | Killed a four-headed hydra
 11433 | D:9      | Found Pyenn's Armour Shoppe.
 11441 | D:9      | Bought a +0 pair of boots of flying for 172 gold pieces
 12077 | D:10     | Entered Level 10 of the Dungeon
 12320 | D:10     | Learned a level 2 spell: Momentum Strike
 12510 | D:10     | Noticed a two-headed ogre
 12524 | D:10     | Killed a two-headed ogre
 12671 | D:10     | Found a staircase to the Lair.
 12745 | D:10     | HP: 1/86 [large slime creature (30)]
 13066 | D:10     | Noticed a two-headed ogre
 13110 | D:10     | Killed a two-headed ogre
 13396 | D:10     | Found a blossoming altar of Fedhas.
 13797 | D:11     | Noticed a cyclops
 13801 | D:11     | Noticed a boulder beetle
 14083 | Lair:1   | Entered Level 1 of the Lair of Beasts
 14197 | Lair:1   | Reached XP level 12. HP: 92/94 MP: 24/24
 14363 | Lair:1   | Found a snail-covered altar of Cheibriados.
 15047 | Lair:1   | Noticed a six-headed hydra
 15055 | Lair:1   | Killed a six-headed hydra
 16047 | Lair:2   | Noticed a death yak
 16047 | Lair:2   | Noticed a death yak
 16047 | Lair:2   | Noticed a death yak
 16188 | Lair:2   | Noticed an eight-headed hydra
 16631 | Lair:2   | Killed an eight-headed hydra
 16631 | Lair:2   | Reached *** piety under Qazlal
 16713 | Lair:2   | HP: 2/95 [black mamba (6)]
 16714 | Lair:2   | Succumbed to a black mamba's poison

Illustrated notes

Levels and vault maps discovered:
D:1:      minmay_arrival_cross, layout_loops_ring,
          shapermc_ecumenical_altar_mp_ritualfount, serial_shops, shop
D:2:      layout_basic, serial_aquarium, aquarium_bridge_straight
          [aquarium_subvault_bridge, aquarium_subvault_wall,
          aquarium_subvault_bridge, aquarium_subvault_wall],
          aquarium_window_corridor_1, aquarium_window_1, aquarium_view_2a,
          aquarium_view_2d, uniq_terence, uniq_jessica
D:3:      layout_loops_ring, portal_sewer_entry_e
D:4:      layout_basic, mainiacjoe_overflow_six_doors_small,
          nicolae_ru_great_annihilating_truth
D:5:      minmay_skewed_foursquare, layout_basic, serial_shops, shop,
          kennysheep_generic_room_7
D:6:      layout_rooms, tso_altar
D:7:      layout_basic, marbit_many_paths, mainiacjoe_overflow_tiny_flanked,
          minitemple, minmay_temple_entry_trees, uniq_maggie, uniq_menkaure
D:8:      layout_cave_pods
D:9:      minmay_cornered_nines, layout_layer_cave, orc_0_dummy, serial_shops,
          nicolae_shop_pleasant_corner_grove, minmay_misc_feat_x,
          nicolae_good_shop
D:10:     layout_irregular_city, fedhas_altar_4, due_lair_maze_entry_diamond,
          st_stairs_10
D:11:     layout_big_octagon, grunt_ministairs_15, minmay_microvault, uniq_grum,
          uniq_gastronok, uniq_snorg
Temple:   dshaligram_water_room_temple
Lair:1:   layout_cave_pods, eino_small_chamber_without_monster,
          kennysheep_snail_temple, grunt_megastairs_5, serial_bayou_shore_a
Lair:2:   minmay_lair_oklob_chamber, layout_cellular_growth, uniq_nergalle,
          uniq_amaemon

Skill      XL: |  1  2  3  4  5  6  7  8  9 10 11 12 |
---------------+-------------------------------------+-----
Spellcasting   | 5 6 7 8 9 |  9.2
Invocations    | 1 2 3 4 5 6 7 8 |  8.4
Short Blades   | 1 2 3 5 6 7 |  7.7
Axes           | 1 2 3 5 6 7 |  7.7
Maces & Flails | 1 2 3 5 6 7 |  7.7
Polearms       | 1 2 3 5 6 7 |  7.7
Staves         | 1 2 3 5 6 7 |  7.7
Ranged Weapons | 1 2 3 5 6 7 |  7.7
Stealth        | 1 2 3 5 6 7 |  7.7
Shields        | 1 2 3 5 6 7 |  7.7
Unarmed Combat | 1 2 3 5 6 7 |  7.7
Evocations     | 1 2 3 5 6 7 |  7.7
Conjurations   | 1 2 3 4 5 6 |  6.3
Hexes          | 1 2 3 4 5 6 |  6.3
Summonings     | 1 2 3 4 5 6 |  6.3
Necromancy     | 1 2 3 4 5 6 |  6.3
Transmutations | 1 2 3 4 5 6 |  6.3
Fire Magic     | 1 2 3 4 5 6 |  6.3
Ice Magic      | 1 2 3 4 5 6 |  6.3
Air Magic      | 1 2 3 4 5 6 |  6.3
Earth Magic    | 1 2 3 4 5 6 |  6.3
Poison Magic   | 1 2 3 4 5 6 |  6.3
Throwing       | 3 4 5 6 7 8 |  8.1
Armour         | 3 4 5 6 7 8 |  8.1
Fighting       | 5 6 7 8 9 |  9.0
Long Blades    | 5 6 7 8 9 |  9.0
Dodging        | 5 6 7 8 9 |  9.0
Translocations | 6 7 8 |  8.5

Action                     |  1- 3 |  4- 6 |  7- 9 | 10-12 || total
---------------------------+-------+-------+-------+-------++-------
  Melee: Falchion          |     8 |       |       |       ||     8
         Whip              |    79 |   176 |   472 |   682 ||  1409
         Bite              |    10 |    13 |    54 |   103 ||   180
         Punch             |       |     4 |    13 |    39 ||    56
  Throw: Boomerang         |     1 |     1 |    12 |    13 ||    27
         Dart              |       |     6 |    57 |   182 ||   245
         Throwing net      |       |       |       |     4 ||     4
         Javelin           |       |       |       |    11 ||    11
  Evoke: Wand              |       |     3 |    13 |     9 ||    25
    Use: Scroll            |     1 |     8 |    13 |     8 ||    30
         Potion            |       |       |     1 |     2 ||     3
   Stab: Sleeping          |     1 |       |       |       ||     1
         Paralysed         |       |       |     2 |       ||     2
         Invisible         |       |       |     1 |     2 ||     3
 Armour: Leather armour    |    14 |       |       |       ||    14
         Chain mail        |     4 |   176 |   355 |   525 ||  1060
  Dodge: Dodged            |    45 |    61 |   187 |   285 ||   578
  Block: Other             |       |       |       |    64 ||    64
